[Event "Fagernes Chess GM-Swiss 2025"]
[Site "Fagernes"]
[Date "2025.04.18"]
[Round "7.8"]
[White "Csonka, Balazs"]
[Black "Dotzer, Lukas"]
[Result "1-0"]
[Annotator "RC"]
[ECO "D24"]
[WhiteElo "2459"]
[BlackElo "2453"]
[PlyCount "115"]
[EventDate "2025.04.12"]
[EventCountry "NOR"]
[SourceTitle "playchess.com"]
[Source "ChessBase"]
[SourceQuality "1"]
[TimeControl "40/6000+30:2400+30"]

1. d4 Nf6 2. c4 e6 3. Nf3 d5 4. Nc3 dxc4 5. e4 b5 6. e5 Nd5 7. Nxb5 Nb6 8. Be2 Be7 9. Be3 Bb7 10. Qc2 Na6 11. a3 Qd7 12. Nc3 c5 13. O-O Qc6 14. Rad1 O-O 15. Rd2 Rad8 16. Rfd1 Rd7 17. Bf1 h6 18. dxc5 Rxd2 19. Qxd2 Nxc5 20. Nd4 Qc7 21. Ncb5 Qxe5 22. Nxa7 Rd8 23. Qa5 Bd6 24. g3 Qe4 25. Ndc6 Bxc6 26. Nxc6 Qxc6 27. Bxc5 Bc7 28. Rxd8+ Bxd8 29. Bg2 Qa4 30. Qd2 Qd7 31. Qxd7 Nxd7 32. Bd4 Bb6 33. Bxb6 Nxb6 34. Bc6 Kf8 35. a4 Ke7 36. Bb5 Kd6 37. a5 c3 38. bxc3 Nd5 39. a6 Nc7 40. c4 Kc5 41. Kg2 Kb6 42. Kf3 Nxa6 43. Be8 f6 44. Kg4 Nc5 45. Bf7 Nd3 46. Bxe6 Nxf2+ 47. Kf5 Kc5 48. Kg6 Kd6 49. Bf5 Nd1 50. Kxg7 Ne3 51. Bd3 Ng4 52. Be2 Nxh2 53. Kxh6 Ke5 54. Kh5 f5 55. Kh4 f4 56. gxf4+ Kxf4 57. Kh3 Ke3 58. Kxh2 1-0

[Event "Fagernes Chess GM-Swiss 2025"]
[Site "Fagernes"]
[Date "2025.04.18"]
[Round "7.9"]
[White "Aradhya, Garg"]
[Black "Kaasen, Tor Fredrik"]
[Result "0-1"]
[Annotator "ChessBase"]
[ECO "D37"]
[WhiteElo "2387"]
[BlackElo "2472"]
[PlyCount "76"]
[EventDate "2025.04.12"]
[EventCountry "NOR"]
[SourceTitle "playchess.com"]
[Source "ChessBase"]
[SourceQuality "1"]
[TimeControl "40/6000+30:2400+30"]

1. d4 Nf6 2. c4 e6 3. Nf3 d5 4. Nc3 Nbd7 5. e3 b6 6. cxd5 exd5 7. Qb3 Bb7 8. e4 Nxe4 9. Nxe4 Qe7 10. Nfg5 h6 11. Qh3 dxe4 12. a3 Bd5 13. Ba6 g6 14. Kd1 Rd8 15. Re1 Nc5 16. Bb5+ c6 17. dxc5 cxb5 18. Bd2 Bg7 19. Nxe4 Bxe4 20. f3 Rxd2+ 21. Kxd2 Qd8+ 22. Ke2 Qd3+ 23. Kf2 Bd4+ 24. Kg3 Be5+ 25. Kf2 Qd4+ 26. Re3 Qxb2+ 27. Re2 Qd4+ 28. Re3 Bf5 29. g4 Qxa1 30. gxf5 O-O 31. Re1 Bd4+ 32. Kf1 Qa2 33. Qg3 Qc4+ 34. Kg2 Qc2+ 35. Kf1 Qxf5 36. c6 Qd3+ 37. Kg2 Qc2+ 38. Kf1 Qxc6 0-1

[Event "Fagernes Chess GM-Swiss 2025"]
[Site "Fagernes"]
[Date "2025.04.18"]
[Round "7.10"]
[White "Adharsh K"]
[Black "Kulaots, Kaido"]
[Result "0-1"]
[Annotator "RC"]
[ECO "B12"]
[WhiteElo "2317"]
[BlackElo "2510"]
[PlyCount "82"]
[EventDate "2025.04.12"]
[EventCountry "NOR"]
[SourceTitle "playchess.com"]
[Source "ChessBase"]
[SourceQuality "1"]
[TimeControl "40/6000+30:2400+30"]

1. e4 c6 2. d4 d5 3. e5 Bf5 4. h4 h5 5. Bd3 Bxd3 6. Qxd3 Qa5+ 7. Nd2 e6 8. Ngf3 Nh6 9. O-O Nf5 10. b3 Be7 11. g3 c5 12. dxc5 Qxc5 13. Kg2 Nc6 14. c3 a6 15. Bb2 O-O 16. b4 Qb5 17. Qxb5 axb5 18. a3 f6 19. Rae1 Kf7 20. Nb3 Rac8 21. exf6 gxf6 22. Re2 e5 23. Rd1 Rfd8 24. Ne1 Bf8 25. Red2 Nce7 26. Ra1 Ra8 27. Re2 Rdc8 28. f3 Bh6 29. Kh3 Nd6 30. Nc2 b6 31. Kh2 Rc7 32. Kh3 Rac8 33. Rf1 d4 34. f4 d3 35. fxe5 Nc4 36. Ref2 dxc2 37. Rxf6+ Kg7 38. Nd4 Nxb2 39. Ne6+ Kh7 40. Nxc7 Rxc7 41. Rf7+ Kg8 0-1

[Event "Fagernes Chess GM-Swiss 2025"]
[Site "Fagernes"]
[Date "2025.04.18"]
[Round "7.11"]
[White "Kvaloy, Aksel Bu"]
[Black "Myagmarsuren, Evsuld"]
[Result "1-0"]
[Annotator "RC"]
[ECO "D30"]
[WhiteElo "2481"]
[BlackElo "2305"]
[PlyCount "61"]
[EventDate "2025.04.12"]
[EventCountry "NOR"]
[SourceTitle "playchess.com"]
[Source "ChessBase"]
[SourceQuality "1"]
[TimeControl "40/6000+30:2400+30"]

1. d4 d5 2. Nf3 Nf6 3. c4 c6 4. e3 e6 5. b3 Ne4 6. Nbd2 Bb4 7. Bd3 c5 8. O-O Nxd2 9. Bxd2 Bxd2 10. Qxd2 cxd4 11. exd4 dxc4 12. bxc4 O-O 13. Rab1 a6 14. Qf4 Nc6 15. Rfe1 g6 16. Rbd1 Nb4 17. Bb1 Qa5 18. d5 exd5 19. Qh6 Qc7 20. cxd5 Bg4 21. Rc1 Qd7 22. Ne5 Qa4 23. Nxg4 Nxd5 24. Be4 Rfe8 25. Bxd5 Qxg4 26. Bxf7+ Kxf7 27. Rc7+ Kf6 28. Qg7+ Kg5 29. Rc5+ Kf4 30. Qd4+ Re4 31. Qxe4# 1-0

[Event "Fagernes Chess GM-Swiss 2025"]
[Site "Fagernes"]
[Date "2025.04.18"]
[Round "7.12"]
[White "Hillarp Persson, Tiger"]
[Black "Fiskaaen, Martin Holten"]
[Result "1/2-1/2"]
[Annotator "RC"]
[ECO "A11"]
[WhiteElo "2462"]
[BlackElo "2283"]
[PlyCount "117"]
[EventDate "2025.04.12"]
[EventCountry "NOR"]
[SourceTitle "playchess.com"]
[Source "ChessBase"]
[SourceQuality "1"]
[TimeControl "40/6000+30:2400+30"]

1. Nf3 d5 2. g3 Bg4 3. Bg2 c6 4. c4 e6 5. Qb3 Qb6 6. h3 Bh5 7. d4 Nf6 8. Nc3 Nbd7 9. cxd5 exd5 10. Nh4 Bg6 11. Nxg6 hxg6 12. Bf4 Be7 13. g4 O-O 14. Rd1 Rfe8 15. O-O Bb4 16. Qc2 Re6 17. g5 Nh5 18. Bh2 Bxc3 19. bxc3 Qd8 20. h4 Nb6 21. Rfe1 Nc4 22. e4 Qe7 23. Bf1 b5 24. e5 Qe8 25. Bh3 a5 26. f4 Re7 27. Qe2 b4 28. Rc1 bxc3 29. Rxc3 Rb8 30. Rc2 Na3 31. Rc3 Nc4 32. f5 Rb2 33. Qg4 Nd6 34. Qf3 Ne4 35. Rce3 Qb8 36. Rb3 Rxb3 37. axb3 Qb4 38. Rd1 gxf5 39. Qxh5 Qxb3 40. Bxf5 Qe3+ 41. Kh1 g6 42. Bxg6 fxg6 43. Qxg6+ Kf8 44. Qh6+ Kg8 45. Qg6+ Kf8 46. Rf1+ Nf2+ 47. Kg2 Qh3+ 48. Kxf2 Rf7+ 49. Qxf7+ Kxf7 50. Bg3 Kg6 51. Rc1 Qf5+ 52. Kg2 Qe4+ 53. Kh3 Kh5 54. Rf1 a4 55. Rf6 Qg4+ 56. Kh2 Qe2+ 57. Kh3 Qg4+ 58. Kh2 Qe2+ 59. Kh3 1/2-1/2

[Event "Fagernes Chess GM-Swiss 2025"]
[Site "Fagernes"]
[Date "2025.04.18"]
[Round "7.13"]
[White "Zhou, Yang-Fan"]
[Black "Vijayakumar, Rishi"]
[Result "1-0"]
[Annotator "RC"]
[ECO "C54"]
[WhiteElo "2418"]
[BlackElo "2317"]
[PlyCount "95"]
[EventDate "2025.04.12"]
[EventCountry "NOR"]
[SourceTitle "playchess.com"]
[Source "ChessBase"]
[SourceQuality "1"]
[TimeControl "40/6000+30:2400+30"]

1. e4 e5 2. Nf3 Nc6 3. Bc4 Nf6 4. d3 Bc5 5. Bg5 h6 6. Bh4 d6 7. c3 a5 8. Nbd2 Ba7 9. a4 g5 10. Bg3 O-O 11. O-O Bg4 12. Re1 Qd7 13. Nf1 Nh5 14. h3 Nxg3 15. Nxg3 Be6 16. Qb3 Bb6 17. Rad1 Bxc4 18. Qxc4 Qe6 19. Nf5 Kh7 20. Nd2 Rad8 21. Qd5 Ne7 22. Nxe7 Qxe7 23. Qxb7 g4 24. hxg4 Qh4 25. d4 Qxg4 26. Qd5 Kh8 27. g3 f5 28. Qe6 Qg7 29. exf5 Rf6 30. Qc4 Rxf5 31. Nf1 Rdf8 32. Re2 Rf4 33. Red2 h5 34. Qd5 R4f5 35. Qg2 Rg5 36. Ne3 Rf4 37. Rd3 e4 38. R3d2 h4 39. Nf1 hxg3 40. fxg3 e3 41. gxf4 Rxg2+ 42. Rxg2 e2 43. Re1 Bxd4+ 44. Kh1 Bf2 45. Rxe2 Qh6+ 46. Rh2 Bh4 47. Rxh4 Qxh4+ 48. Rh2 1-0

[Event "Fagernes Chess GM-Swiss 2025"]
[Site "Fagernes"]
[Date "2025.04.18"]
[Round "7.14"]
[White "Vestby-Ellingsen, Mads"]
[Black "Miezis, Normunds"]
[Result "1/2-1/2"]
[Annotator "RC"]
[ECO "B41"]
[WhiteElo "2398"]
[BlackElo "2409"]
[PlyCount "43"]
[EventDate "2025.04.12"]
[EventCountry "NOR"]
[SourceTitle "playchess.com"]
[Source "ChessBase"]
[SourceQuality "1"]
[TimeControl "40/6000+30:2400+30"]

1. e4 c5 2. Nf3 e6 3. d4 cxd4 4. Nxd4 a6 5. c4 Nf6 6. Nc3 Qc7 7. a3 b6 8. f4 Bb7 9. Bd3 d6 10. f5 e5 11. Nc2 Nbd7 12. Bg5 Be7 13. Qe2 h6 14. Bxf6 Nxf6 15. O-O O-O 16. Kh1 Rfc8 17. Ne3 Kf8 18. h3 Qc5 19. Na4 Qc6 20. Nc3 Qc5 21. Na4 Qc6 22. Nc3 1/2-1/2

[Event "Fagernes Chess GM-Swiss 2025"]
[Site "Fagernes"]
[Date "2025.04.18"]
[Round "7.15"]
[White "Aamodt, Peder Marcus"]
[Black "Bazakutsa, Svyatoslav"]
[Result "0-1"]
[Annotator "RC"]
[ECO "A48"]
[WhiteElo "2242"]
[BlackElo "2474"]
[PlyCount "54"]
[EventDate "2025.04.12"]
[EventCountry "NOR"]
[SourceTitle "playchess.com"]
[Source "ChessBase"]
[SourceQuality "1"]
[TimeControl "40/6000+30:2400+30"]

1. d4 Nf6 2. Nf3 g6 3. Nbd2 Bg7 4. e4 O-O 5. Bd3 c5 6. dxc5 Qa5 7. a3 Qxc5 8. b4 Qc7 9. Bb2 d5 10. Qe2 dxe4 11. Bxe4 Nxe4 12. Bxg7 Nxd2 13. Bxf8 Nxf3+ 14. Qxf3 Qe5+ 15. Kd2 Kxf8 16. Qc3 Qxc3+ 17. Kxc3 Be6 18. Rac1 Nd7 19. Kd4 Nb6 20. Rhd1 Rc8 21. Rd3 Bf5 22. Rb3 Bxc2 23. Rh3 Kg7 24. f4 Rd8+ 25. Kc3 Bf5 26. Rg3 Na4+ 27. Kb3 b5 0-1

[Event "Fagernes Chess GM-Swiss 2025"]
[Site "Fagernes"]
[Date "2025.04.18"]
[Round "7.16"]
[White "Melaa, Sondre"]
[Black "Eliseev, Sergey"]
[Result "0-1"]
[Annotator "ChessBase"]
[ECO "D31"]
[WhiteElo "2344"]
[BlackElo "2226"]
[PlyCount "80"]
[EventDate "2025.04.12"]
[EventCountry "NOR"]
[SourceTitle "playchess.com"]
[Source "ChessBase"]
[SourceQuality "1"]
[TimeControl "40/6000+30:2400+30"]

1. d4 d5 2. c4 e6 3. Nc3 a6 4. cxd5 exd5 5. Qb3 Nf6 6. Bg5 c5 7. e3 c4 8. Qd1 Be7 9. Nge2 Nbd7 10. g3 b5 11. Bg2 Bb7 12. a3 h6 13. Bxf6 Nxf6 14. Nf4 Qd7 15. Qf3 Rd8 16. Nh5 O-O 17. Nxf6+ Bxf6 18. O-O a5 19. Rfb1 b4 20. axb4 axb4 21. Ne2 Ra8 22. Nf4 Rfd8 23. Rxa8 Bxa8 24. Ra1 Bg5 25. Ne2 Bc6 26. h4 Be7 27. Kh2 Bd6 28. h5 Qb7 29. Qf5 Ra8 30. Rxa8+ Qxa8 31. Nf4 Bxf4 32. exf4 b3 33. Bh3 Qe8 34. Bf1 Qe6 35. Qxe6 fxe6 36. Be2 Ba4 37. Kg2 Bb5 38. Bd1 g6 39. Bg4 c3 40. Bxe6+ Kg7 0-1

[Event "Fagernes Chess GM-Swiss 2025"]
[Site "Fagernes"]
[Date "2025.04.18"]
[Round "7.17"]
[White "Westrum, Kim Roger Hansen"]
[Black "Lund, Gunnar"]
[Result "0-1"]
[Annotator "ChessBase"]
[ECO "B52"]
[WhiteElo "2193"]
[BlackElo "2341"]
[PlyCount "92"]
[EventDate "2025.04.12"]
[EventCountry "NOR"]
[SourceTitle "playchess.com"]
[Source "ChessBase"]
[SourceQuality "1"]
[TimeControl "40/6000+30:2400+30"]

1. e4 c5 2. Nf3 d6 3. Bb5+ Bd7 4. Bxd7+ Nxd7 5. O-O Ngf6 6. Re1 e6 7. c3 Be7 8. d4 O-O 9. a3 Rc8 10. e5 Ne8 11. Nbd2 cxd4 12. cxd4 dxe5 13. dxe5 Nc7 14. Qa4 Nc5 15. Qg4 Nd3 16. Rf1 Qd5 17. Nc4 h5 18. Qd4 Rfd8 19. Qxd5 Nxd5 20. Ne3 N5f4 21. Kh1 Ng6 22. Bd2 Ngxe5 23. Nxe5 Nxe5 24. Bc3 Nd3 25. Rad1 Bc5 26. Kg1 Rd7 27. a4 Rcd8 28. Rb1 Nf4 29. Rfe1 Bd4 30. Bxd4 Rxd4 31. Rbd1 Kf8 32. b3 Rxd1 33. Rxd1 Rxd1+ 34. Nxd1 Ke7 35. Nb2 Kd6 36. g3 Ne2+ 37. Kf1 Nd4 38. b4 Kd5 39. f4 Nc2 40. b5 Kd4 41. Ke2 Nb4 42. Kd2 f6 43. h4 Nd5 44. Nd3 Nb6 45. Nb4 Nxa4 46. Nc2+ Ke4 0-1

[Event "Fagernes Chess GM-Swiss 2025"]
[Site "Fagernes"]
[Date "2025.04.18"]
[Round "7.18"]
[White "Grave, Jacob Templen"]
[Black "Olsen, William Alexander"]
[Result "1-0"]
[Annotator "ChessBase"]
[ECO "B31"]
[WhiteElo "2337"]
[BlackElo "2188"]
[PlyCount "91"]
[EventDate "2025.04.12"]
[EventCountry "NOR"]
[SourceTitle "playchess.com"]
[Source "ChessBase"]
[SourceQuality "1"]
[TimeControl "40/6000+30:2400+30"]

1. e4 c5 2. Nf3 Nc6 3. Bb5 Nf6 4. Bxc6 dxc6 5. d3 Qc7 6. h3 g6 7. Nc3 Bg7 8. Be3 b6 9. Qd2 e5 10. Bh6 O-O 11. Bxg7 Kxg7 12. b3 Re8 13. Ne2 Nh5 14. Qc3 Kg8 15. O-O Be6 16. Rae1 f6 17. Nh2 Rf8 18. Qd2 Nf4 19. Nxf4 exf4 20. e5 fxe5 21. Nf3 Bd5 22. Nxe5 Rf5 23. d4 cxd4 24. Qxd4 Rd8 25. Qa1 c5 26. Ng4 Qg7 27. Re7 Rf7 28. Rxf7 Kxf7 29. Ne5+ Kg8 30. Rd1 Qf6 31. c4 Be6 32. Re1 Bf5 33. Qc1 g5 34. Qa3 Qg7 35. Nc6 Rd7 36. Nxa7 Qc3 37. Rf1 f3 38. Nb5 Qd3 39. Qa8+ Rd8 40. Qxf3 Qxf3 41. gxf3 Rd2 42. Nc3 Bxh3 43. Re1 Kf7 44. Ne4 Rxa2 45. Nxg5+ Kg6 46. Nxh3 1-0

[Event "Fagernes Chess GM-Swiss 2025"]
[Site "Fagernes"]
[Date "2025.04.18"]
[Round "7.19"]
[White "Southcott-Moyers, Indy"]
[Black "Hedman, Erik"]
[Result "1-0"]
[Annotator "ChessBase"]
[ECO "E19"]
[WhiteElo "2227"]
[BlackElo "2276"]
[PlyCount "75"]
[EventDate "2025.04.12"]
[EventCountry "NOR"]
[SourceTitle "playchess.com"]
[Source "ChessBase"]
[SourceQuality "1"]
[TimeControl "40/6000+30:2400+30"]

1. d4 Nf6 2. c4 e6 3. Nf3 b6 4. g3 Bb7 5. Bg2 Be7 6. O-O O-O 7. Nc3 Ne4 8. Qc2 Nxc3 9. Qxc3 d6 10. Qd3 d5 11. cxd5 Bxd5 12. e4 Bb7 13. Rd1 Nd7 14. Bf4 c5 15. d5 exd5 16. exd5 Bf6 17. d6 Qc8 18. Qd2 Re8 19. Re1 Re4 20. Rxe4 Bxe4 21. Re1 Qb7 22. Nh4 Bxg2 23. Nxg2 h6 24. Ne3 Re8 25. Nf5 Re6 26. Ne7+ Kf8 27. Rxe6 fxe6 28. Qc2 Bxe7 29. dxe7+ Kxe7 30. Qg6 Qd5 31. Qxg7+ Kd8 32. Qh8+ Ke7 33. Qh7+ Kd8 34. Qxh6 Qxa2 35. Qh8+ Ke7 36. Qh4+ Kf7 37. Qh7+ Ke8 38. Bg5 1-0

[Event "Fagernes Chess GM-Swiss 2025"]
[Site "Fagernes"]
[Date "2025.04.18"]
[Round "7.20"]
[White "Brattgjerd, Isak Vinh"]
[Black "Ostensen, Nicolai Maxime"]
[Result "0-1"]
[Annotator "RC"]
[ECO "C63"]
[WhiteElo "2202"]
[BlackElo "2260"]
[PlyCount "74"]
[EventDate "2025.04.12"]
[EventCountry "NOR"]
[SourceTitle "playchess.com"]
[Source "ChessBase"]
[SourceQuality "1"]
[TimeControl "40/6000+30:2400+30"]

1. e4 e5 2. Nf3 Nc6 3. Bb5 f5 4. d3 fxe4 5. dxe4 d6 6. c4 Nf6 7. Nc3 Be7 8. c5 O-O 9. O-O Bg4 10. cxd6 Bxd6 11. Bxc6 bxc6 12. Qb3+ Kh8 13. Nd2 Qe8 14. Qc4 Rb8 15. Qd3 Bc5 16. Nb3 Bb6 17. Na4 Rd8 18. Qg3 Be2 19. Bg5 Nxe4 20. Qh4 Nxg5 21. Nxb6 Bxf1 22. Rxf1 Nf3+ 23. gxf3 cxb6 24. Re1 Qg6+ 25. Kh1 Qf6 26. Qxf6 gxf6 27. Kg2 c5 28. Re4 Rg8+ 29. Kf1 Rd1+ 30. Ke2 Rb1 31. f4 Rxb2+ 32. Kf3 Rxa2 33. fxe5 fxe5 34. Rxe5 Ra3 35. Re3 Rf8+ 36. Ke2 Ra2+ 37. Kd3 Raxf2 0-1

[Event "Fagernes Chess GM-Swiss 2025"]
[Site "Fagernes"]
[Date "2025.04.18"]
[Round "7.21"]
[White "Pang, Ethan"]
[Black "Skaar, Ben Samuel Groth"]
[Result "1-0"]
[Annotator "RC"]
[ECO "B31"]
[WhiteElo "2257"]
[BlackElo "2167"]
[PlyCount "53"]
[EventDate "2025.04.12"]
[EventCountry "NOR"]
[SourceTitle "playchess.com"]
[Source "ChessBase"]
[SourceQuality "1"]
[TimeControl "40/6000+30:2400+30"]

1. e4 c5 2. Nf3 Nc6 3. Bb5 g6 4. O-O Bg7 5. c3 Nf6 6. Re1 O-O 7. d4 cxd4 8. cxd4 d5 9. e5 Ne4 10. Nc3 Nxc3 11. bxc3 Bg4 12. Ba3 Re8 13. h3 Bxf3 14. Qxf3 e6 15. Rab1 Bf8 16. Bxc6 bxc6 17. Rb7 Be7 18. g4 Rb8 19. Reb1 Rxb7 20. Rxb7 f5 21. exf6 Bxf6 22. g5 Be7 23. Bxe7 Rxe7 24. Qf6 Rd7 25. Qxe6+ Kf8 26. Rxd7 Qxg5+ 27. Qg4 1-0

[Event "Fagernes Chess GM-Swiss 2025"]
[Site "Fagernes"]
[Date "2025.04.18"]
[Round "7.22"]
[White "Holand, Per Fredrik"]
[Black "Blomqvist, Erik"]
[Result "0-1"]
[Annotator "RC"]
[ECO "B40"]
[WhiteElo "2070"]
[BlackElo "2475"]
[PlyCount "72"]
[EventDate "2025.04.12"]
[EventCountry "NOR"]
[SourceTitle "playchess.com"]
[Source "ChessBase"]
[SourceQuality "1"]
[TimeControl "40/6000+30:2400+30"]

1. e4 c5 2. Nf3 e6 3. g3 d5 4. exd5 exd5 5. Bg2 Qe7+ 6. Qe2 Qxe2+ 7. Kxe2 Nc6 8. Nc3 Be6 9. d4 Nf6 10. h3 h6 11. Be3 c4 12. Ne5 Rc8 13. g4 Bb4 14. Nb1 g5 15. c3 Bd6 16. Nxc6 Rxc6 17. b4 Nd7 18. Nd2 Nf8 19. h4 gxh4 20. Rxh4 Ng6 21. Rxh6 Bxg4+ 22. Ke1 Rxh6 23. Bxh6 Be6 24. Nf1 Nh4 25. Bh1 Nf5 26. Bg5 Kd7 27. Kd2 Rc8 28. Ne3 Nxe3 29. Kxe3 Rh8 30. Rg1 Rg8 31. Rg2 Bh3 32. f4 Bxg2 33. Bxg2 f6 34. Bxd5 Re8+ 35. Kf3 fxg5 36. Bxc4 Rf8 0-1

[Event "Fagernes Chess GM-Swiss 2025"]
[Site "Fagernes"]
[Date "2025.04.18"]
[Round "7.23"]
[White "Khoo-Thwe, Louis"]
[Black "Oksendal, Martin"]
[Result "1/2-1/2"]
[Annotator "ChessBase"]
[ECO "C11"]
[WhiteElo "2118"]
[BlackElo "2250"]
[PlyCount "108"]
[EventDate "2025.04.12"]
[EventCountry "NOR"]
[SourceTitle "playchess.com"]
[Source "ChessBase"]
[SourceQuality "1"]
[TimeControl "40/6000+30:2400+30"]

1. e4 e6 2. d4 d5 3. Nc3 Nf6 4. e5 Nfd7 5. f4 c5 6. Nf3 Nc6 7. Be3 cxd4 8. Nxd4 Qb6 9. Ncb5 Bc5 10. Nxc6 bxc6 11. Nd6+ Ke7 12. Bxc5 Nxc5 13. Qd4 Nb7 14. Qxb6 axb6 15. Nxb7 Bxb7 16. Bd3 Ra4 17. O-O Rha8 18. a3 g6 19. c3 Ba6 20. Bc2 Bxf1 21. Bxa4 Rxa4 22. Rxf1 h5 23. g3 c5 24. Kf2 Kd7 25. Ke3 Kc6 26. Kd3 Re4 27. b3 c4+ 28. bxc4 Rxc4 29. Rb1 Ra4 30. Rb3 Kc5 31. h4 b5 32. Kd2 Re4 33. Rb1 Ra4 34. Rb3 Kb6 35. Kc2 Ka5 36. Kd2 Re4 37. Rb1 Rc4 38. Kd3 Ka4 39. Rb2 Rc8 40. Rb4+ Ka5 41. Kc2 Ra8 42. Kb3 Kb6 43. a4 Rxa4 44. Rxa4 bxa4+ 45. Kxa4 Kc5 46. Kb3 Kb5 47. Kb2 Ka4 48. Ka2 Ka5 49. Kb3 Kb5 50. Kb2 Kc5 51. Kb3 d4 52. c4 Kb6 53. Kc2 Kc6 54. Kd2 Kb6 1/2-1/2

[Event "Fagernes Chess GM-Swiss 2025"]
[Site "Fagernes"]
[Date "2025.04.18"]
[Round "7.24"]
[White "Skotheim, Andreas"]
[Black "Andersen, Morten"]
[Result "1/2-1/2"]
[Annotator "RC"]
[ECO "C60"]
[WhiteElo "2229"]
[BlackElo "2200"]
[PlyCount "41"]
[EventDate "2025.04.12"]
[EventCountry "NOR"]
[SourceTitle "playchess.com"]
[Source "ChessBase"]
[SourceQuality "1"]
[TimeControl "40/6000+30:2400+30"]

1. e4 e5 2. Nf3 Nc6 3. Bb5 Nge7 4. c3 g6 5. O-O a6 6. Ba4 Bg7 7. h3 O-O 8. d4 d5 9. exd5 Qxd5 10. Bb3 Qd6 11. dxe5 Nxe5 12. Nxe5 Qxd1 13. Rxd1 Bxe5 14. Nd2 Bf4 15. Nf3 Bxc1 16. Raxc1 Nf5 17. Ne5 Kg7 18. g4 Nd6 19. Nc4 Ne4 20. Re1 Nc5 21. Bc2 1/2-1/2

[Event "Fagernes Chess GM-Swiss 2025"]
[Site "Fagernes"]
[Date "2025.04.18"]
[Round "7.25"]
[White "Simonsen, David Mindestrommen"]
[Black "Hebbar, Eshaan"]
[Result "1/2-1/2"]
[Annotator "ChessBase"]
[ECO "B07"]
[WhiteElo "2034"]
[BlackElo "2175"]
[PlyCount "139"]
[EventDate "2025.04.12"]
[EventCountry "NOR"]
[SourceTitle "playchess.com"]
[Source "ChessBase"]
[SourceQuality "1"]
[TimeControl "40/6000+30:2400+30"]

1. e4 d6 2. d4 Nf6 3. Nc3 g6 4. h4 Bg7 5. h5 Nxh5 6. g4 Nf6 7. g5 Nfd7 8. f4 c5 9. d5 Na6 10. Bc4 Nc7 11. a4 Rb8 12. Nf3 Nb6 13. Bb3 a5 14. Be3 Bg4 15. Rh4 Qd7 16. Kf2 h5 17. gxh6 Rxh6 18. Qh1 Rxh4 19. Qxh4 Bxf3 20. Kxf3 e5 21. f5 Qe7 22. Bg5 f6 23. Be3 g5 24. Qg4 Nd7 25. Bc4 Qf7 26. Rh1 Ke7 27. Rh7 Rh8 28. Rxh8 Bxh8 29. Qh3 Bg7 30. Qh7 Nf8 31. Qh1 Nd7 32. Kg4 Bf8 33. Qh8 Qg7 34. Qxg7+ Bxg7 35. Kh5 Kf7 36. Bb3 Bf8 37. Bd2 Kg7 38. Ne2 b6 39. Bc4 Be7 40. Kg4 Nf8 41. Nc3 Nd7 42. Nb1 Bd8 43. Na3 Nb8 44. Be2 Kh6 45. Bb5 Nxb5 46. Nxb5 Be7 47. c3 Na6 48. Na7 Bd8 49. Nb5 Be7 50. Be1 Kh7 51. Kh5 Kg7 52. Na3 Bd8 53. Bd2 Kh7 54. Nb5 Be7 55. Be1 Kg7 56. Na7 Bd8 57. Bd2 Kh7 58. Be3 Kg7 59. Nc6 Bc7 60. Bd2 Kh7 61. Be3 Kg7 62. Na7 Bd8 63. Nb5 Be7 64. Na3 Bd8 65. Nc4 Bc7 66. Bc1 Kh7 67. Ne3 Bd8 68. Bd2 Kg7 69. Nc4 Bc7 70. Be3 1/2-1/2

[Event "Fagernes Chess GM-Swiss 2025"]
[Site "Fagernes"]
[Date "2025.04.18"]
[Round "7.26"]
[White "Gandrud, Vegar Koi"]
[Black "Den Roover, Nikolay Jorgensen"]
[Result "1-0"]
[Annotator "ChessBase"]
[ECO "D79"]
[WhiteElo "2273"]
[BlackElo "2004"]
[PlyCount "125"]
[EventDate "2025.04.12"]
[EventCountry "NOR"]
[SourceTitle "playchess.com"]
[Source "ChessBase"]
[SourceQuality "1"]
[TimeControl "40/6000+30:2400+30"]

1. Nf3 Nf6 2. g3 c5 3. Bg2 g6 4. O-O Bg7 5. c3 O-O 6. d4 cxd4 7. cxd4 Ne4 8. Nc3 d5 9. Qb3 Nxc3 10. bxc3 Nc6 11. Nd2 e5 12. e3 e4 13. c4 dxc4 14. Qxc4 Be6 15. Qb5 f5 16. Qxb7 Qd5 17. Qb3 Rfb8 18. Qxd5 Bxd5 19. Ba3 Nb4 20. Bxb4 Rxb4 21. Nb3 a5 22. Nc5 a4 23. a3 Rc4 24. Rfc1 Ra5 25. Rxc4 Bxc4 26. Rc1 Bd5 27. Bf1 Bf8 28. Bc4 Bxc4 29. Rxc4 Kf7 30. Rxa4 Rxa4 31. Nxa4 Bxa3 32. f3 Ke6 33. fxe4 fxe4 34. Nc3 Kf5 35. h3 h5 36. Kf2 Bb4 37. g4+ hxg4 38. hxg4+ Kxg4 39. Nxe4 Kf5 40. Kf3 g5 41. Ng3+ Ke6 42. e4 Bc3 43. Ke3 Ba5 44. Ne2 Be1 45. Kf3 Bd2 46. Ng1 Bc3 47. Ke3 Ba5 48. Nf3 Kf6 49. Ne5 Bc7 50. Ng4+ Ke6 51. d5+ Kd6 52. Kd4 Bb6+ 53. Kc4 Bc7 54. e5+ Ke7 55. Kd4 Ba5 56. Ke4 Bd2 57. Kf5 Bc3 58. Nf2 Bb2 59. Ne4 Ba3 60. Kxg5 Bb2 61. Kf5 Ba3 62. d6+ Kd8 63. e6 1-0

[Event "Fagernes Chess GM-Swiss 2025"]
[Site "Fagernes"]
[Date "2025.04.18"]
[Round "7.27"]
[White "Torfoss, Sivert Schanche"]
[Black "Hausken, Andreas Skrede"]
[Result "1-0"]
[Annotator "NA RC"]
[ECO "A37"]
[WhiteElo "2141"]
[BlackElo "2002"]
[PlyCount "71"]
[EventDate "2025.04.12"]
[EventCountry "NOR"]
[SourceTitle "playchess.com"]
[Source "ChessBase"]
[SourceQuality "1"]
[TimeControl "40/6000+30:2400+30"]

1. Nf3 c5 2. c4 Nc6 3. Nc3 g6 4. g3 Bg7 5. Bg2 d6 6. O-O e5 7. d3 Nge7 8. Ne1 Be6 9. Nc2 d5 10. cxd5 Nxd5 11. Ne3 Nde7 12. a3 O-O 13. Rb1 Rc8 14. Bd2 a5 15. Nc4 Rb8 16. Ne4 b6 17. b4 axb4 18. axb4 b5 19. Ne3 cxb4 20. Bxb4 Nxb4 21. Rxb4 Nc6 22. Rb1 Nd4 23. Nc5 Qd6 24. Nxe6 Nxe6 25. Nd5 Rfd8 26. Qd2 Nc7 27. Nb4 Rb6 28. Rfc1 Bf8 29. Qe3 Rc8 30. Rc2 Rbb8 31. Nc6 Ra8 32. Na7 Nd5 33. Bxd5 Rxc2 34. Bxa8 Qb8 35. Bf3 Bc5 36. Nc6 1-0

[Event "Fagernes Chess GM-Swiss 2025"]
[Site "Fagernes"]
[Date "2025.04.18"]
[Round "7.28"]
[White "Verbin, Valentina"]
[Black "Kittilsen, Sigurd"]
[Result "1-0"]
[Annotator "NA"]
[ECO "B13"]
[WhiteElo "2113"]
[BlackElo "2010"]
[PlyCount "83"]
[EventDate "2025.04.12"]
[EventCountry "NOR"]
[SourceTitle "playchess.com"]
[Source "ChessBase"]
[SourceQuality "1"]
[TimeControl "40/6000+30:2400+30"]

1. e4 c6 2. d4 d5 3. exd5 cxd5 4. Bd3 Nf6 5. h3 Nc6 6. c3 Qc7 7. Nf3 e6 8. O-O Bd6 9. Re1 h6 10. a4 O-O 11. Na3 a6 12. Nc2 Bd7 13. Ne3 Rad8 14. Bc2 Ne7 15. Ng4 Nxg4 16. hxg4 Bf4 17. Bxf4 Qxf4 18. Ne5 f5 19. Qd3 Be8 20. g3 Qg5 21. f4 Qf6 22. Re2 Nc8 23. Qd2 Nd6 24. g5 Qe7 25. Rh2 h5 26. g6 Rf6 27. Rxh5 Bxg6 28. Rh4 Nc4 29. Qh2 Nxe5 30. Rh8+ Kf7 31. fxe5 Rxh8 32. Qxh8 Qc7 33. Kh2 Qc4 34. Re1 Qc7 35. exf6 gxf6 36. Bd1 Qb6 37. Bh5 Bxh5 38. Qxh5+ Kg7 39. Qe2 Kg6 40. b4 Qc7 41. Qxe6 Qxc3 42. Qe8+ 1-0